 Dungeon Crawl Stone Soup version 0.28.0-45-g0d030f2227 (webtiles) character file.

Game seed: 15027392568248538661

24 NinjaNoafa the Skirmisher (level 3, -1/33 HPs)
             Began as a Hill Orc Fighter on Apr 4, 2022.
             Slain by a black bear (4 damage)
             ... on level 2 of the Dungeon.
             The game lasted 00:02:13 (1310 turns).

NinjaNoafa the Skirmisher (Hill Orc Fighter)        Turns: 1310, Time: 00:02:14

Health: -1/33      AC:  6    Str: 26    XL:     3   Next: 2%
Magic:  3/3        EV:  9    Int:  8    God:
Gold:   55         SH:  4    Dex: 10    Spells: 2/2 levels left

rFire   . . .      SeeInvis .   f - +2 dagger (elec)
rCold   . . .      Faith    .   c - +0 buckler
rNeg    . . .      Spirit   .   b - +0 scale mail
rPois   .          Reflect  .   (no helmet)
rElec   .          Harm     .   (no cloak)
rCorr   .          Rampage  .   (no gloves)
Will    .....                   (no boots)
Stlth   ..........              (no amulet)
HPRegen 0.11/turn               h - +6 ring of strength
MPRegen 0.08/turn               (no ring)

@: mighty
A: no striking features
a: no special abilities


You were on level 2 of the Dungeon.
You visited 1 branch of the dungeon, and saw 2 of its levels.

You collected 55 gold pieces.

Inventory:

Hand Weapons
 a - a +0 war axe
 f - a +2 dagger of electrocution (weapon)
Missiles
 e - 39 stones (quivered)
Armour
 b - a +0 scale mail (worn)
 c - a +0 buckler (worn)
Jewellery
 h - a +6 ring of strength (left hand)
Potions
 g - a potion of resistance {unknown}
 i - a potion of berserk rage {unknown}
 j - a potion of lignification {unknown}


   Skills:
 + Level 3.9 Fighting
 * Level 1.1 Short Blades
 - Level 2.9 Axes
 + Level 3.5 Armour
 + Level 3.5 Shields


You had 2 spell levels left.
You didn't know any spells.
Your spell library was empty.

Dungeon Overview and Level Annotations

Branches:
Dungeon (2/15)

Altars:


Message History

The black bear claws you but does no damage.
You closely miss the black bear.
The black bear is severely wounded.
The black bear misses you. The black bear claws you. x2
You barely miss the black bear.
The black bear is severely wounded.
The black bear barely misses you.
The black bear claws you but does no damage. x2
You closely miss the black bear.
The black bear is severely wounded.
The black bear bites you but does no damage.
The black bear claws you but does no damage.
You block the black bear's attack.
You hit the black bear.
The black bear is almost dead.
The black bear goes berserk!
You hit the black bear but do no damage.
The black bear is almost dead.
The black bear bites you!
The black bear claws you but does no damage.
The black bear barely misses you.
You hit the black bear but do no damage.
The black bear is almost dead.
The black bear misses you.
The black bear claws you but does no damage.
The black bear claws you.
* * * LOW HITPOINT WARNING * * *
The black bear barely misses you. You block the black bear's attack.
The black bear claws you but does no damage.
You feel very mighty all of a sudden. The black bear barely misses you.
You block the black bear's attack. The black bear closely misses you.
You closely miss the black bear.
The black bear is almost dead.
The black bear bites you but does no damage.
The black bear claws you.
* * * LOW HITPOINT WARNING * * *
You block the black bear's attack.
You block the black bear's attack. x2; The black bear claws you.
You die...

#P#### ###≈P≈P####
##.P≈≈≈≈...##
#..≈≈♣♣≈♣≈≈P#
#.P≈♣♣♣♣♣≈.P##
#..≈≈♣ ♣♣≈..#
#.P≈♣♣♣ ♣♣≈≈.#
#..P≈P♣≈♣≈≈..####
##.#.≈.≈.≈...@h..#
#...##.≈PP.##.##.#
#......P.≈. #.# ..
####...###.... ..#
##
#.........########
#.........# #.
#..>......# ..
####...#.## .
#...#.# .##


You could see a black bear (berserk).

Vanquished Creatures
  A worm (D:2)
  A ball python (D:1)
  3 bats
  2 endoplasms
  2 giant cockroaches
  A goblin (D:2)
  2 hobgoblins (D:2)
  3 kobolds
  A quokka (D:1)
  A frilled lizard (D:1)
  A rat (D:2)
18 creatures vanquished.

Vanquished Creatures (others)
  13 plants (D:2)
13 creatures vanquished.

Grand Total: 31 creatures vanquished

Notes
Turn   | Place    | Note
-------+----------+-------------------------------------------
     0 | D:1      | NinjaNoafa the Hill Orc Fighter began the quest for the
                  | Orb.
     0 | D:1      | Reached XP level 1. HP: 19/19 MP: 1/1
    70 | D:1      | HP: 1/20 [kobold/+2 dagger of electrocution (17)]
   401 | D:1      | Reached XP level 2. HP: 27/27 MP: 2/2
  1093 | D:2      | Reached skill level 1 in Short Blades
  1204 | D:2      | Reached XP level 3. HP: 26/33 MP: 3/3
  1299 | D:2      | Noticed a black bear
  1310 | D:2      | Slain by a black bear

Illustrated notes

Levels and vault maps discovered:
D:1:      dpeg_arrival_three_same_balls, layout_basic
D:2:      layout_loops_cross, serial_bayou, serial_bayou_lagoon_a,
          serial_bayou_pond_c, serial_bayou_pond_b, serial_bayou_pond_c,
          hellmonk_ecumenical_altar_inner_sanctum, minmay_pentomino_t4

Skill      XL: |  1  2 |
---------------+-------+-----
Short Blades   | 1 |  1.1
Fighting       | |  3.9
Axes           | |  2.9
Armour         | |  3.5
Shields        | |  3.5

Action                   || total
-------------------------++-------
Melee: Dagger            ||    68
       War axe           ||     9
  Use: Potion            ||     1
Armor: Scale mail        ||    31
Dodge: Dodged            ||    42
Block: Buckler           ||    21
